 Dungeon Crawl Stone Soup version 0.32-a0-913-g739538afd8 (webtiles) character file.

Game seed: 14121655284028741383

356 Iich the Chopper (level 6, -9/49 HPs)
             Began as a Demonspawn Fighter on Apr 9, 2024.
             Mangled by an ogre
             ... wielding a +0 giant spiked club
              (17 damage)
             ... on level 3 of the Dungeon.
             The game lasted 00:05:50 (3267 turns).

Iich the Chopper (Demonspawn Fighter)               Turns: 3267, Time: 00:05:52

Health: -9/49      AC:  6    Str: 19    XL:     6   Next: 36%
Magic:  6/6        EV:  9    Int:  8    God:
Gold:   199        SH: 10    Dex: 18    Spells: 5/5 levels left

rFire   . . .        a - +0 war axe
rCold   . . .        c - +0 buckler
rNeg    . . .        b - +0 scale mail
rPois   .            (no helmet)
rElec   .            (no cloak)
rCorr   .            (no gloves)
SInv    .            (no boots)
Will    .....        n - amulet of reflection Stlth
                     f - +6 ring of dexterity
HPRegen 0.28/turn    (no ring)
MPRegen 0.10/turn

%: reflection
@: no status effects
A: claws 2, powered by death 1, spiny 1
a: no special abilities


You were on level 3 of the Dungeon.
You visited 1 branch of the dungeon, and saw 4 of its levels.
You also visited: Sewer.

You collected 199 gold pieces.

Inventory:

Hand Weapons
 a - a +0 war axe (weapon)
Armour
 b - a +0 scale mail (worn)
 c - a +0 buckler (worn)
 s - a +0 cloak
Jewellery
 f - a +6 ring of dexterity (left claw)
 n - an amulet of reflection (around neck)
Scrolls
 e - a scroll of revelation
 h - a scroll of summoning {unknown}
 m - a scroll of poison {unknown}
 o - a scroll of noise
 p - a scroll of teleportation {unknown}
 r - a scroll of fog
 u - a scroll of amnesia
 v - a scroll of enchant armour {unknown}
Potions
 d - 2 potions of might
 g - a potion of attraction
 k - a potion of invisibility
 l - a potion of lignification
 q - a potion of curing
 t - 2 potions of enlightenment


   Skills:
 + Level 4.3 Fighting
 * Level 4.5 Axes
 - Level 2.6 Armour
 + Level 2.6 Dodging
 - Level 2.6 Shields


You had 5 spell levels left.
You didn't know any spells.
Your spell library contained the following spells:

 Spells                   Type           Power      Damage    Failure   Level
 Magic Dart               Conj           0%         1d3       86%         1


Dungeon Overview and Level Annotations

Branches:
Dungeon (4/15)              Sewer (visited)
 Temple: D:4-7

Altars:
Wu Jian

Shops:
D:1 :


Innate Abilities, Weirdness & Mutations

You have very sharp fingernails.
You regenerate a little health from kills.
You are partially covered in sharp spines.


Message History

You take 1 damage, and have 15/49 hp.
You hit the adder.
The adder is almost dead.
You feel sick. The adder is struck by your spines.
You kill the adder!
Unknown command.
You regained 2 hp, and now have 17/49 hp.
Unknown command.
You feel sick.
You regained 2 hp, and now have 19/49 hp.
You feel sick.
You regained 2 hp, and now have 21/49 hp.
You feel sick.
You are no longer poisoned.
There is a stone staircase leading up here.
You regained 3 hp, and now have 24/49 hp.
You start resting.
A bombardier beetle comes into view.
You regained 15 hp, and now have 39/49 hp.
A bombardier beetle is nearby!
A bombardier beetle is nearby!
You climb upwards.
The ogre is struck by your spines.
The ogre hits you with a +0 giant spiked club!
* * * LOW HITPOINT WARNING * * *
There is a stone staircase leading down, spattered with blood here.
You take 15 damage, and have 24/49 hp. !!!!--MASSIVE DAMAGE--!!!!
You completely miss the ogre.
The ogre is lightly wounded.
The ogre is struck by your spines.
The ogre hits you with a +0 giant spiked club!
* * * LOW HITPOINT WARNING * * *
You take 10 damage, and have 14/49 hp. !!!!--MASSIVE DAMAGE--!!!!
You hit the ogre.
The ogre is heavily wounded.
The ogre hits you with a +0 giant spiked club!
* * * LOW HITPOINT WARNING * * *
You take 12 damage, and have 2/49 hp. !!!!--MASSIVE DAMAGE--!!!!
You feel better.
The ogre hits you with a +0 giant spiked club!
You die...

...>##.........# ###...###
....#########.## #...# #.### #.#
#...# #.# #.# #<.÷# ..####### #.#
#...# ###.....# #.#
#######...######
..#.....#####.####...............
#.#........#.....Og..............
#.#.....##.#....@#...O...........
#.#.....##.#.....#######...######
#.#######........# #...######
......##.#.#.....# #.#...§§§#
...[....##.......# #O..####§#
######.......#.#########.[...##§#
#..#.#..#.#.......#.>g#.##.# ####
#..#.<....#.#####.##........ ...#
#....##.###.#####.####..###.


You could see an ogre and a goblin.

Vanquished Creatures
  An ice beast (D:3)
  A brain worm (Sewer)
  A hound (D:3)
  An iguana (D:3)
  5 adders
  2 river rats (Sewer)
  4 dart slugs
  6 bats
  5 endoplasms
  10 giant cockroaches
  4 goblins
  4 hobgoblins
  A jackal (Sewer)
  6 kobolds
  3 quokkas
  5 ball pythons
  4 frilled lizards
  5 rats
68 creatures vanquished.

Notes
Turn   | Place    | Note
-------+----------+-------------------------------------------
     0 | D:1      | Iich the Demonspawn Fighter began the quest for the Orb.
     0 | D:1      | Reached XP level 1. HP: 18/18 MP: 1/1
   212 | D:1      | Found a faded altar of an unknown god.
   220 | D:1      | Got Plato's Vellum of Forces
   412 | D:1      | Found Hidduosi's Book Emporium.
   451 | D:1      | Gained mutation: You are partially covered in sharp spines.
                  | [demonic ancestry]
   451 | D:1      | Reached XP level 2. HP: 18/24 MP: 2/2
  1150 | D:2      | Reached skill level 1 in Dodging
  1530 | D:2      | Gained mutation: You have sharp fingernails. [demonic
                  | ancestry]
  1530 | D:2      | Reached XP level 3. HP: 29/29 MP: 3/3
  1648 | D:3      | Noticed an ice beast
  1664 | D:3      | Killed an ice beast
  1665 | D:3      | Reached XP level 4. HP: 24/37 MP: 4/4
  1737 | D:3      | Found an ornate altar of the Wu Jian Council.
  1776 | D:3      | Gained mutation: You have very sharp fingernails. [demonic
                  | ancestry]
  1776 | D:3      | Reached XP level 5. HP: 40/42 MP: 5/5
  1985 | D:3      | Found a glowing drain.
  2001 | Sewer    | Entered a sewer
  2154 | Sewer    | Gained mutation: You regenerate a little health from kills.
                  | [demonic ancestry]
  2154 | Sewer    | Reached XP level 6. HP: 37/48 MP: 4/6
  3266 | D:3      | HP: 2/49 [ogre/+0 giant spiked club (13)]
  3267 | D:3      | Mangled by an ogre

Illustrated notes

Levels and vault maps discovered:
D:1:      dpeg_arrival_stone_temple_mockup, layout_basic, serial_shops,
          nicolae_shop_rolling_square, shapermc_ecumenical_altar_rom_forum
D:2:      layout_basic, nicolae_figureground_pulse
D:3:      layout_loops_cross, nicolae_overflow_crystal_walls,
          portal_sewer_entry_f, minmay_door_square
D:4:      layout_cave_pools

Skill      XL: |  1  2  3  4  5 |
---------------+----------------+-----
Axes           | 2 3 4 |  4.5
Dodging        | 1 2 |  2.6
Fighting       | 4 |  4.3
Armour         | |  2.6
Shields        | |  2.6

Action                     |  1- 3 |  4- 6 || total
---------------------------+-------+-------++-------
  Melee: War axe           |    70 |    65 ||   135
    Use: Scroll            |     1 |     7 ||     8
         Potion            |     1 |     1 ||     2
 Armour: Scale mail        |    37 |    43 ||    80
  Dodge: Dodged            |    29 |    23 ||    52
  Block: Buckler           |    19 |    49 ||    68
         Reflection        |       |     3 ||     3

Table legend: (Time is in decaauts)
 A = Elapsed time spent in this place.
 B = Non-inter-level travel time spent in this place.
 C = Inter-level travel time spent in this place.
 D = Time resting spent in this place.
 E = Time spent auto-exploring this place.
 F = Levels seen in this place.
 G = Mean time per level.
                   A        B        C        D        E       F      G
               +--------+--------+--------+--------+--------+-----+--------+
         Total |   3520 |   3469 |     51 |    298 |   2375 |   5 |  704.0 |
       Dungeon |   2742 |   2691 |     51 |    298 |   1742 |   4 |  685.5 |
         Sewer |    778 |    778 |      0 |      0 |    632 |   1 |  778.0 |
               +--------+--------+--------+--------+--------+-----+--------+

Top non-repeatable levels by time:
     D:3: 1036 daAuts
     D:2: 832 daAuts
     D:1: 819 daAuts
   Sewer: 778 daAuts
     D:4: 53 daAuts
